[ AOE2 MATCH · #506724550 ]
UnrankedGoths vs Goths
Player's team · LOSS
Rival team · WIN
[ REPLAY ANALYSIS · EXTRACTED FROM THE RECORDED GAME ]
Feudal
13:20
Castle
—
Imperial
—
| APM avg | 62.7 |
| APM peak | 130 |
| eAPM avg | 26.4 |
| Villagers / military | 29 / 4 |
Focus
⚔️ 18.2% · 🌾 81.8%
Militia ×3 · Spearman ×1
Feudal
13:03
Castle
—
Imperial
—
| APM avg | 67.6 |
| APM peak | 98 |
| eAPM avg | 36.0 |
| Villagers / military | 44 / 20 |
Focus
⚔️ 21.3% · 🌾 78.7%
Militia ×20
Match map
Initial resources + every placement click. Lines = walls · curves = elevation contours. ◆ gold · ⬟ stone · ● berries · ✦ relic · ◌ wall gap
Your base· Open — 8t gap
aimLess bro's base· Open — 2t gap
Smoothed initial terrain · ◌ = detected wall gap · hover for details
Inputs per minute
— OaRMäR - - aimLess bro
Build order — OaRMäR
75 actions detected in the replay
| 0:00 | Queue | Villager (Male) |
| 0:00 | Queue | Villager (Male) |
| 0:01 | Queue | Villager (Male) |
| 0:02 | Build | House |
| 0:03 | Build | House |
| 0:11 | Queue | Villager (Male) |
| 1:22 | Queue | Villager (Male) |
| 1:48 | Queue | Villager (Male) |
| 1:52 | Build | Lumber Camp |
| 2:31 | Queue | Villager (Male) |
| 2:52 | Queue | Villager (Male) |
| 3:05 | Queue | Villager (Male) |
| 3:08 | Build | House |
| 3:35 | Queue | Villager (Male) |
| 4:14 | Queue | Villager (Male) |
| 4:29 | Queue | Villager (Male) |
| 4:53 | Build | Barracks |
| 5:04 | Queue | Villager (Male) |
| 5:04 | Queue | Villager (Male) |
| 5:04 | Queue | Villager (Male) |
| 5:09 | Build | House |
| 5:48 | Queue | Villager (Male) |
| 6:01 | Queue | Militia |
| 6:09 | Queue | Militia |
| 6:12 | Queue | Villager (Male) |
| 6:34 | Build | House |
| 6:38 | Build | Palisade Wall |
| 6:53 | Queue | Militia |
| 6:54 | Queue | Villager (Male) |
| 6:54 | Queue | Villager (Male) |
| 7:24 | Queue | Villager (Male) |
| 7:39 | Queue | Villager (Male) |
| 7:42 | Build | Palisade Wall |
| 7:54 | Build | Lumber Camp |
| 7:58 | Queue | Villager (Male) |
| 8:16 | Build | Palisade Wall |
| 8:22 | Queue | Villager (Male) |
| 8:22 | Queue | Villager (Male) |
| 8:50 | Build | Mill |
| 9:01 | Queue | Villager (Male) |
| 9:02 | Queue | Villager (Male) |
| 9:57 | Queue | Villager (Male) |
| 9:59 | Build | Farm |
| 10:00 | Build | Farm |
| 10:27 | Build | Palisade Wall |
| 10:33 | Build | Farm |
| 10:39 | Research | Loom |
| 10:51 | Build | Palisade Wall |
| 10:58 | Build | Palisade Wall |
| 11:10 | Research | Feudal Age |
| 11:10 | Research | Feudal Age |
| 11:15 | Build | Farm |
| 11:18 | Build | Mining Camp |
| 11:28 | Build | Palisade Wall |
| 11:31 | Build | Palisade Wall |
| 11:32 | Build | Palisade Wall |
| 11:43 | Build | Farm |
| 12:00 | Build | Farm |
| 12:04 | Build | Farm |
| 12:05 | Build | Farm |
| 12:19 | Build | Palisade Wall |
| 12:22 | Build | Palisade Wall |
| 12:32 | Build | Farm |
| 12:45 | Build | Palisade Wall |
| 13:20 | Age | Feudal Age |
| 13:22 | Queue | Villager (Male) |
| 13:23 | Queue | Villager (Male) |
| 13:29 | Build | Market |
| 13:38 | Build | Blacksmith |
| 13:51 | Build | House |
| 13:59 | Research | Wheelbarrow |
| 14:19 | Queue | Spearman |
| 14:28 | Research | Gold Mining |
| 14:28 | Research | Gold Mining |
| 15:04 | Build | House |
Build order — aimLess bro
114 actions detected in the replay
| 0:00 | Research | Loom |
| 0:00 | Queue | Villager (Male) |
| 0:01 | Queue | Villager (Male) |
| 0:02 | Build | House |
| 0:04 | Build | House |
| 0:08 | Queue | Villager (Male) |
| 0:08 | Queue | Villager (Male) |
| 1:24 | Queue | Villager (Male) |
| 1:24 | Queue | Villager (Male) |
| 1:49 | Queue | Villager (Male) |
| 1:50 | Queue | Villager (Male) |
| 2:15 | Build | Lumber Camp |
| 2:23 | Queue | Villager (Male) |
| 2:23 | Queue | Villager (Male) |
| 2:23 | Queue | Villager (Male) |
| 2:52 | Queue | Villager (Male) |
| 2:53 | Queue | Villager (Male) |
| 3:30 | Queue | Villager (Male) |
| 3:30 | Queue | Villager (Male) |
| 3:45 | Build | House |
| 3:46 | Build | House |
| 4:01 | Queue | Villager (Male) |
| 4:12 | Queue | Villager (Male) |
| 4:12 | Queue | Villager (Male) |
| 4:21 | Build | Palisade Wall |
| 4:33 | Build | Palisade Gate |
| 4:49 | Queue | Villager (Male) |
| 4:50 | Queue | Villager (Male) |
| 4:50 | Queue | Villager (Male) |
| 5:06 | Build | Palisade Wall |
| 5:35 | Queue | Villager (Male) |
| 5:36 | Queue | Villager (Male) |
| 5:36 | Queue | Villager (Male) |
| 6:02 | Build | Mill |
| 6:15 | Build | Palisade Wall |
| 6:17 | Queue | Villager (Male) |
| 6:17 | Queue | Villager (Male) |
| 6:21 | Build | Mill |
| 6:31 | Queue | Villager (Male) |
| 6:31 | Queue | Villager (Male) |
| 6:31 | Queue | Villager (Male) |
| 6:58 | Build | House |
| 7:01 | Build | Palisade Wall |
| 7:47 | Queue | Villager (Male) |
| 7:47 | Queue | Villager (Male) |
| 7:57 | Build | Palisade Wall |
| 8:08 | Queue | Villager (Male) |
| 8:35 | Build | Palisade Wall |
| 8:43 | Build | Mining Camp |
| 8:48 | Queue | Villager (Male) |
| 8:57 | Build | Palisade Wall |
| 9:02 | Build | Palisade Wall |
| 9:02 | Build | Palisade Wall |
| 9:03 | Build | Palisade Wall |
| 9:32 | Build | Palisade Gate |
| 9:59 | Build | Palisade Gate |
| 10:03 | Queue | Villager (Male) |
| 10:03 | Queue | Villager (Male) |
| 10:24 | Queue | Villager (Male) |
| 10:24 | Queue | Villager (Male) |
| 10:34 | Build | Palisade Wall |
| 10:41 | Queue | Villager (Male) |
| 10:44 | Research | Feudal Age |
| 10:45 | Queue | Villager (Male) |
| 10:52 | Build | Palisade Wall |
| 10:53 | Build | Palisade Gate |
| 10:57 | Build | Palisade Wall |
| 10:57 | Build | Palisade Gate |
| 11:00 | Build | Palisade Gate |
| 11:17 | Build | Barracks |
| 11:23 | Build | House |
| 11:25 | Build | House |
| 11:51 | Queue | Militia |
| 11:51 | Queue | Militia |
| 12:02 | Build | Palisade Wall |
| 12:02 | Build | Palisade Gate |
| 12:13 | Queue | Militia |
| 12:13 | Queue | Militia |
| 12:33 | Queue | Militia |
| 12:33 | Queue | Militia |
| 12:35 | Build | House |
| 12:49 | Queue | Militia |
| 12:52 | Build | Barracks |
| 13:03 | Age | Feudal Age |
| 13:08 | Queue | Militia |
| 13:15 | Build | Farm |
| 13:17 | Build | Farm |
| 13:20 | Research | Man-at-Arms (upgrade) |
| 13:30 | Build | House |
| 13:32 | Research | Man-at-Arms (upgrade) |
| 13:32 | Queue | Militia |
| 13:34 | Queue | Militia |
| 13:42 | Queue | Villager (Male) |
| 13:46 | Build | Farm |
| 13:48 | Build | Farm |
| 13:52 | Queue | Villager (Male) |
| 13:54 | Queue | Militia |
| 13:54 | Queue | Militia |
| 14:02 | Queue | Militia |
| 14:03 | Queue | Militia |
| 14:12 | Build | Farm |
| 14:24 | Queue | Militia |
| 14:24 | Queue | Militia |
| 14:38 | Build | Farm |
| 14:40 | Build | Farm |
| 14:43 | Build | Farm |
| 15:03 | Build | Watch Tower |
| 15:05 | Queue | Militia |
| 15:05 | Queue | Militia |
| 15:12 | Queue | Villager (Male) |
| 15:12 | Queue | Villager (Male) |
| 15:19 | Queue | Villager (Male) |
| 15:24 | Queue | Militia |
| 15:24 | Queue | Militia |
Match timeline
| 4:21 | aimLess bro · wall_segment Palisade Wall x6 |
| 4:53 | OaRMäR · first_building Barracks |
| 5:06 | aimLess bro · wall_segment Palisade Wall x4 |
| 6:15 | aimLess bro · wall_segment Palisade Wall x5 |
| 6:38 | OaRMäR · wall_segment Palisade Wall x9 |
| 7:01 | aimLess bro · wall_segment Palisade Wall x4 |
| 7:42 | OaRMäR · wall_segment Palisade Wall x12 |
| 7:57 | aimLess bro · wall_segment Palisade Wall x3 |
| 8:16 | OaRMäR · wall_segment Palisade Wall x13 |
| 8:35 | aimLess bro · wall_segment Palisade Wall x4 |
| 8:57 | aimLess bro · wall_segment Palisade Wall x4 |
| 9:02 | aimLess bro · wall_segment Palisade Wall x1 |
| 9:02 | aimLess bro · wall_segment Palisade Wall x1 |
| 9:03 | aimLess bro · wall_segment Palisade Wall x1 |
| 10:27 | OaRMäR · wall_segment Palisade Wall x11 |
| 10:34 | aimLess bro · wall_segment Palisade Wall x5 |
| 10:51 | OaRMäR · wall_segment Palisade Wall x10 |
| 10:52 | aimLess bro · wall_segment Palisade Wall x5 |
| 10:57 | aimLess bro · wall_segment Palisade Wall x2 |
| 10:58 | OaRMäR · wall_segment Palisade Wall x10 |
| 11:17 | aimLess bro · first_building Barracks |
| 11:28 | OaRMäR · wall_segment Palisade Wall x6 |
| 11:31 | OaRMäR · wall_segment Palisade Wall x5 |
| 11:32 | OaRMäR · wall_segment Palisade Wall x1 |
| 12:02 | aimLess bro · wall_segment Palisade Wall x4 |
| 12:19 | OaRMäR · wall_segment Palisade Wall x8 |
| 12:22 | OaRMäR · wall_segment Palisade Wall x5 |
| 12:45 | OaRMäR · wall_segment Palisade Wall x4 |
| 13:03 | aimLess bro · age_up feudal |
| 13:20 | OaRMäR · age_up feudal |
| 15:26 | OaRMäR · resign |
[ AI ANALYSIS · 1 CREDIT ]
What really happened in this match?
Wolo.gg analyzes every decision: build order, eco, micro, common mistakes by bracket. Personalized analysis on WhatsApp or Discord in 30 seconds.
Civ guide
Goths
Perfil
Jugador #2106972